 Dungeon Crawl Stone Soup version 0.23.2-33-g5129a83184 (webtiles) character file.

Game seed: 11478170352620293107

12733 Joat the Cleaver (level 11, -1/101 HPs)
             Began as a Hill Orc Monk on July 5, 2019.
             Was an Elder of Beogh.
             Slain by a komodo dragon (25 damage)
             ... on level 1 of the Lair of Beasts.
             The game lasted 00:49:32 (12041 turns).

Joat the Cleaver (Hill Orc Monk)                   Turns: 12041, Time: 00:49:33

Health: -1/101     AC: 18    Str: 16    XL:     11   Next: 98%
Magic:  18/18      EV:  3    Int: 10    God:    Beogh [****..]
Gold:   715        SH: 19    Dex: 15    Spells: 10/10 levels left

rFire    + . .     SeeInvis .   a - +3 hand axe (elec)
rCold    + . .     Gourm    .   D - +0 large shield
rNeg     . . .     Faith    .   B - +0 plate armour
rPois    .         Spirit   .   (no helmet)
rElec    .         Reflect  +   z - scarf {rC+ rF+}
rCorr    .         Harm     .   G - +0 pair of gloves
MR       .....                  v - +2 pair of boots
Stlth    ..........             x - +4 amulet of reflection
HPRegen  0.26/turn              r - +5 ring of slaying
MPRegen  0.16/turn              (no ring)

@: no status effects
A: no striking features
a: Smiting, Recall Orcish Followers, Renounce Religion


You were on level 1 of the Lair of Beasts.
You worshipped Beogh.
Beogh was greatly pleased with you.
You were not hungry.

You visited 3 branches of the dungeon, and saw 12 of its levels.

You collected 715 gold pieces.

Inventory:

Hand Weapons
 a - a +3 hand axe of electrocution (weapon)
 g - a +3 flail
 i - a +0 spear
 k - a +0 spear
 p - a +0 hand crossbow
 w - a +0 spear
 F - a +2 flail of crushing
Armour
 m - a +0 buckler
 v - a +2 pair of boots (worn)
 z - a scarf of resistance (worn)
 B - a +0 plate armour (worn)
 D - a +0 large shield (worn)
 G - a +0 pair of gloves (worn)
Jewellery
 r - a +5 ring of slaying (left hand)
 x - a +4 amulet of reflection (around neck)
 H - an uncursed ring of protection from magic
Wands
 e - a wand of digging (6)
 t - a wand of flame (33)
 u - a wand of polymorph (14)
 E - a wand of disintegration (7)
Scrolls
 b - 2 scrolls of fog
 f - 3 scrolls of remove curse
 h - 2 scrolls of enchant armour
 j - 3 scrolls of amnesia
 o - a scroll of holy word
 q - 2 scrolls of teleportation
 s - a scroll of magic mapping
 y - a scroll of summoning
 L - a scroll of blinking {unknown}
Potions
 d - 8 potions of curing
 l - a potion of mutation
 A - a potion of lignification
 C - a potion of flight
 I - a potion of agility
 K - a potion of heal wounds
 M - a potion of ambrosia
Miscellaneous
 n - a lamp of fire
Comestibles
 c - 21 rations
 J - 23 chunks of flesh


   Skills:
 + Level 10.8 Fighting
 * Level 13.7 Axes
 + Level 8.4 Armour
 - Level 2.4 Dodging
 - Level 1.5 Stealth
 * Level 7.2 Shields
 * Level 10.6 Invocations


You had 10 spell levels left.
You didn't know any spells.
Your spell library contained the following spells:

 Spells                   Type           Power        Failure   Level  Hunger
 Corona                   Hex            #......      100%        1    ##.....
 Magic Dart               Conj           #...         100%        1    ##.....
 Blink                    Tloc           N/A          100%        2    ###....
 Call Imp                 Summ           #.......     100%        2    ###....
 Ensorcelled Hibernation  Hex/Ice        #.....       100%        2    ###....
 Slow                     Hex            #.......     100%        2    ###....
 Confuse                  Hex            #.......     100%        3    ####...
 Conjure Flame            Conj/Fire      #.......     100%        3    ####...
 Dazzling Spray           Conj/Hex       #.....       100%        3    ####...
 Mephitic Cloud           Conj/Pois/Air  #.......     100%        3    ####...
 Tukima's Dance           Hex            #.......     100%        3    ####...


Dungeon Overview and Level Annotations

Branches:
Dungeon (10/15)            Temple (1/1) D:7            Lair (1/6) D:10
    Orc (0/2) D:10

Altars:
Cheibriados
Dithmenos
Elyvilon
Fedhas
Hepliaklqana
Makhleb
Nemelex Xobeh
Qazlal
Ru
Trog
Uskayaw
Vehumet
Wu Jian
Xom
Yredelemnul
Zin
Beogh

Annotations:
D:4 3 runed translucent doors, Folque's ghost, amateur TeAE
Lair:1 1 runed translucent door, Hycrow's ghost, journeyman MiFi


Message History

You completely miss the komodo dragon. You block the komodo dragon's attack.
You hit the komodo dragon.
You kill the komodo dragon!
Beogh accepts your kill.
You slash the komodo dragon!
Lightning courses through the komodo dragon!
You hit the komodo dragon.
The komodo dragon bites you but does no damage.
Your shield and plate armour prevent you from hitting the komodo dragon.
The komodo dragon is severely wounded.
You hit the komodo dragon. You slash the porcupine!
The komodo dragon bites you. You block the porcupine's attack.
The komodo dragon bites you!!
* * * LOW HITPOINT WARNING * * *
You hit the komodo dragon.
The komodo dragon is severely wounded.
You hit the komodo dragon but do no damage.
Your shield and plate armour prevent you from hitting the porcupine.
The komodo dragon bites you!!
You die...

.........................
........................
P.#+#+.#..######.##.....
..........+............#
#........#.......#....#
.#.....P..#.......#....#
.......#..+..........(.#
#....l#o.#............#
#....r@o.#..o....#....#
#....l#o....##+##......
...###.#..####(W.##.....
. ........##.##......
...........###.......
..........(..........
.....................#
##.#..................#
#.....##P.######...#


You could see 2 komodo dragons, a porcupine, 2 friendly orc knights and a
friendly orc warrior.

Vanquished Creatures
  A frost giant (D:10)
  Harold (D:7)
  A two-headed ogre (D:10)
  2 spiny frogs (Lair:1)
  2 komodo dragons (Lair:1)
  A troll (D:10)
  A hippogriff (D:8)
  Sigmund (D:6)
  A spriggan (D:9)
  2 basilisks (D:10)
  9 yaks
  2 steam dragons
  A hungry ghost (D:8)
  Menkaure (D:7)
  2 water moccasins
  3 porcupines (D:10)
  An orc warrior (D:9)
  3 sky beasts
  2 ice beasts
  A phantom (D:7)
  5 ogres
  3 necrophages
  5 centaurs
  3 crocodiles (D:10)
  5 bullfrogs
  2 scorpions
  6 killer bees (D:8)
  7 howler monkeys
  2 wights (D:8)
  5 crimson imps
  A bullfrog zombie (D:6)
  5 jellies
  A centaur zombie (D:7)
  3 hounds
  5 orc wizards
  5 bullfrog skeletons
  A centaur skeleton (D:5)
  4 orc priests
  3 iguanas
  7 worker ants
  3 hound zombies
  A worker ant zombie (D:8)
  10 gnolls
  14 adders
  A howler monkey skeleton (D:6)
  4 shadow imps
  An ooze (D:1)
  2 adder skeletons
  3 worms (D:2)
  3 dart slugs
  6 leopard geckos
  26 orcs
  4 giant cockroaches
  8 goblins
  5 hobgoblins
  8 jackals
  5 quokkas
  6 bats
  4 frilled lizards
  A giant cockroach zombie (D:6)
  13 kobolds
  A leopard gecko zombie (D:5)
  A quokka skeleton (D:9)
  A quokka zombie (D:8)
  5 rats
  A fungus (D:10)
  5 plants
258 creatures vanquished.

Vanquished Creatures (collateral kills)
  An unseen horror (D:10)
  A necromancer (D:10)
  A deep elf mage (D:10)
  A kobold demonologist (D:10)
  3 yaks (Lair:1)
  An orc warrior (D:9)
  A crocodile (Lair:1)
  A big kobold (D:10)
  A howler monkey (D:10)
  A bullfrog zombie (D:10)
  2 orc priests
  A worker ant zombie (D:10)
  An adder (D:9)
  An adder skeleton (D:9)
  2 orcs
  A plant (Lair:1)
20 creatures vanquished.

Vanquished Creatures (others)
  2 orc warriors
  An orc priest (D:9)
  A centaur (D:9)
  2 orc wizards (D:7)
  8 orcs
  A bush (D:10)
  A fungus (D:10)
  5 plants
  2 withered plants (D:8)
23 creatures vanquished.

Grand Total: 301 creatures vanquished

Notes
Turn   | Place    | Note
-------+----------+-------------------------------------------
     0 | D:1      | Joat the Hill Orc Monk began the quest for the Orb.
     0 | D:1      | Reached XP level 1. HP: 19/19 MP: 1/1
   181 | D:1      | Reached XP level 2. HP: 26/27 MP: 2/2
   263 | D:1      | Reached skill level 5 in Axes
   314 | D:1      | Reached XP level 3. HP: 33/33 MP: 3/3
   710 | D:2      | Reached XP level 4. HP: 32/41 MP: 4/4
  1241 | D:2      | Reached skill level 5 in Fighting
  1241 | D:2      | Reached skill level 6 in Axes
  1252 | D:2      | Reached XP level 5. HP: 14/48 MP: 5/5
  1593 | D:2      | Found a snail-covered altar of Cheibriados.
  2176 | D:2      | Found a basalt altar of Yredelemnul.
  2741 | D:3      | Found a burning altar of Makhleb.
  2938 | D:3      | Reached XP level 6. HP: 51/57 MP: 6/6
  3049 | D:3      | Reached skill level 7 in Axes
  3053 | D:3      | Reached skill level 1 in Armour
  3229 | D:3      | Found a radiant altar of Vehumet.
  3755 | D:4      | Found a runed translucent gate.
  3755 | D:4      | Found a runed translucent gate.
  3755 | D:4      | Found a runed translucent gate.
  3760 | D:4      | Noticed Folque's ghost (amateur TeAE)
  4259 | D:5      | Entered Level 5 of the Dungeon
  4474 | D:5      | Reached skill level 1 in Shields
  4684 | D:5      | woo
  4707 | D:5      | Reached XP level 7. HP: 64/64 MP: 7/7
  5163 | D:6      | Found a glowing silver altar of Zin.
  5231 | D:6      | Reached skill level 8 in Axes
  5231 | D:6      | Reached XP level 8. HP: 27/73 MP: 8/8
  5689 | D:6      | Noticed Sigmund
  5700 | D:6      | Killed Sigmund
  5708 | D:6      | Found a sparkling altar of Nemelex Xobeh.
  5723 | D:6      | Found a bloodstained altar of Trog.
  5850 | D:6      | You fall through a shaft!
  5852 | D:7      | Reached skill level 9 in Axes
  5959 | D:7      | Became a worshipper of Beogh the Brigand
  5959 | D:7      | Reached * piety under Beogh
  5959 | D:7      | Reached ** piety under Beogh
  5961 | D:7      | Found a staircase to the Ecumenical Temple.
  6088 | Temple   | Entered the Ecumenical Temple
  6119 | D:7      | Reached skill level 5 in Armour
  6198 | D:6      | Reached XP level 9. HP: 77/82 MP: 9/9
  6660 | D:7      | Reached skill level 1 in Invocations
  6853 | D:7      | Reached skill level 10 in Axes
  6919 | D:7      | Noticed Menkaure
  6925 | D:7      | Killed Menkaure
  7071 | D:7      | Found a hide-covered altar of Uskayaw.
  7088 | D:7      | Noticed Harold
  7102 | D:7      | Killed Harold
  7149 | D:7      | Reached skill level 5 in Invocations
  7766 | D:7      | Found a roughly hewn altar of Beogh.
  7809 | D:8      | Reached skill level 11 in Axes
  7847 | D:8      | Reached XP level 10. HP: 83/91 MP: 14/14
  7900 | D:8      | Reached *** piety under Beogh
  8031 | D:8      | Found a hazy altar of Hepliaklqana.
  8951 | D:9      | Found an ornate altar of the Wu Jian Council.
  8985 | D:9      | Found a stormy altar of Qazlal.
  8990 | D:9      | Reached skill level 12 in Axes
  9010 | D:9      | Found a blossoming altar of Fedhas.
  9022 | D:9      | Reached **** piety under Beogh
  9169 | D:9      | Found a shadowy altar of Dithmenos.
  9686 | D:9      | Found a white marble altar of Elyvilon.
  9703 | D:9      | Found a bloodstained altar of Trog.
  9749 | D:9      | Reached skill level 10 in Fighting
  9956 | D:10     | Entered Level 10 of the Dungeon
  9968 | D:10     | Found a sacrificial altar of Ru.
  9968 | D:10     | Found a shimmering altar of Xom.
  9969 | D:10     | Noticed a deep elf mage
  9969 | D:10     | Noticed a necromancer
  9969 | D:10     | Noticed a kobold demonologist
  9971 | D:10     | Noticed a sun demon
  9975 | D:10     | Noticed a frost giant
  9977 | D:10     | Killed a deep elf mage
  9981 | D:10     | Killed a kobold demonologist
 10074 | D:10     | Reached skill level 5 in Shields
 10074 | D:10     | Reached XP level 11. HP: 80/99 MP: 17/17
 10231 | D:10     | Killed a necromancer
 10311 | D:10     | Reached skill level 13 in Axes
 10351 | D:10     | Killed an unseen horror
 10589 | D:10     | Found a staircase to the Lair.
 10914 | D:10     | Noticed a two-headed ogre
 10923 | D:10     | Killed a two-headed ogre
 11162 | D:10     | Found a staircase to the Orcish Mines.
 11518 | D:10     | Killed a frost giant
 11518 | D:10     | Reached skill level 10 in Invocations
 11756 | Lair:1   | Entered Level 1 of the Lair of Beasts
 11869 | Lair:1   | Found a runed translucent door.
 11870 | Lair:1   | Found a shimmering altar of Xom.
 11870 | Lair:1   | Noticed Hycrow's ghost (journeyman MiFi)
 11870 | Lair:1   | Noticed a +2 rapier of chaos
 12041 | Lair:1   | Slain by a komodo dragon

Skill      XL: |  1  2  3  4  5  6  7  8  9 10 11 |
---------------+----------------------------------+-----
Fighting       | 4 5 6 7 8 9 10 | 10.8
Axes           | 5 6 7 8 9 11 12 13 | 13.7
Armour         | 2 3 5 6 7 8 |  8.4
Shields        | 1 4 5 7 |  7.2
Invocations    | 5 8 10 | 10.6
Dodging        | |  2.4
Stealth        | |  1.5

Action                   |  1- 3 |  4- 6 |  7- 9 | 10-12 || total
-------------------------+-------+-------+-------+-------++-------
Melee: Hand axe          |    96 |   323 |   207 |   341 ||   967
       War axe           |       |     2 |       |       ||     2
Invok: Convert to Beogh  |       |       |     1 |       ||     1
       Recall Orcish Fol |       |       |       |     7 ||     7
       Stop Recall       |       |       |       |     2 ||     2
  Use: Potion            |       |     2 |     3 |     2 ||     7
       Scroll            |       |       |     7 |     9 ||    16
 Stab: Distracted        |       |       |     1 |     1 ||     2
  Eat: Chunk             |       |    13 |     8 |     9 ||    30
       Ration            |       |       |     1 |     1 ||     2
Armor: Chain mail        |    55 |   183 |    76 |    37 ||   351
       Robe              |     1 |       |       |       ||     1
       Plate armour      |       |       |       |    89 ||    89
Dodge: Dodged            |    30 |   121 |    46 |    44 ||   241
Block: Buckler           |       |     6 |    35 |    25 ||    66
       Large shield      |       |       |       |   133 ||   133
       Reflection        |       |       |       |    12 ||    12
